 Dungeon Crawl Stone Soup version 0.18.1-50-g88ac8fd (webtiles) character file.

415 magog001 the Shield-Bearer (level 6, -2/53 HPs)
             Began as a Minotaur Fighter on Mar 25, 2017.
             Slain by an ogre
             ... wielding a +0 giant club
              (25 damage)
             ... on level 4 of the Dungeon.
             The game lasted 00:23:43 (4504 turns).

magog001 the Shield-Bearer (Minotaur Fighter)       Turns: 4504, Time: 00:23:44

Health: -2/53      AC:  9    Str: 23    XL:     6   Next: 60%
Magic:  5/5        EV: 10    Int:  5    God:
Gold:   174        SH: 10    Dex:  9    Spells: 0 memorised, 5 levels left

rFire  + + .     SeeInvis .     a - +0 war axe
rCold  . . .     Gourm    .     p - +3 salamander hide armour {+Rage rF++}
rNeg   . . .     Faith    .     c - +0 shield
rPois  .         Spirit   .     (helmet restricted)
rElec  .         Dismiss  .     b - +2 cloak
rCorr  .         Reflect  .     (no gloves)
SustAt .         Harm     .     (no boots)
MR     .....                    (no amulet)
Stlth  +.........               (no ring)
                                (no ring)

@: not resistant to hostile enchantments, very unstealthy
A: retaliatory headbutt, horns 2
a: Evoke Berserk Rage


You were on level 4 of the Dungeon.
You were not hungry.

You visited 1 branch of the dungeon, and saw 4 of its levels.

You collected 174 gold pieces.

Inventory:

Hand Weapons
 a - a +0 war axe (weapon)
 r - a +0 blowgun
Missiles
 e - 25 sling bullets
 g - 22 poisoned needles
Armour
 b - a +2 cloak (worn)
 c - a +0 shield (worn)
 h - a +0 chain mail
 p - the +3 salamander hide armour (worn) {+Rage rF++}
   (You found it on level 4 of the Dungeon)

   It greatly protects you from fire.
   It lets you go berserk.
Scrolls
 i - a scroll of amnesia
 k - 2 scrolls of identify
 o - a scroll of recharging {unknown}
Potions
 j - 2 potions of curing
 l - a potion of heal wounds {unknown}
 m - a potion of resistance
Comestibles
 d - 2 chunks of flesh
 f - 2 bread rations
 n - a meat ration


   Skills:
 + Level 4.5 Fighting
 + Level 4.3 Axes
 + Level 1.5 Throwing
 + Level 5.2 Armour
 + Level 2.2 Dodging
 + Level 0.5 Stealth
 + Level 5.5 Shields


You had 5 spell levels left.
You didn't know any spells.

Dungeon Overview and Level Annotations

Branches:
Dungeon (4/15)             Temple (0/1) D:4

Altars:
Ashenzari
Pakellas
Sif Muna
Vehumet
Yredelemnul


Innate Abilities, Weirdness & Mutations

You reflexively headbutt those who attack you in melee.
You have a pair of horns on your head.


Message History

2 goblins come into view.
The goblin shouts!
Found a mace. 3 goblins come into view.
The giant cockroach bites you but does no damage.
You block the giant cockroach's attack. The giant cockroach bites you.
You hit the giant cockroach.
You kill the giant cockroach!
The ogre closely misses you. You furiously retaliate!
You headbutt the ogre. You barely miss the ogre. Your headbutt misses the ogre.
The ogre is lightly wounded.
The ogre hits you with a giant club.
Your shield prevents you from hitting the ogre.
The ogre is lightly wounded.
The ogre hits you with a giant club!!
You hit the ogre.
The ogre is moderately wounded.
The ogre hits you with a giant club!!
You die...

.########.....##.#
..............##.#
..#######.....##.#
..# #.....##.# ..#
########.# ..#
#......#.# ###
###......#.# #
..g......#.#
.........#@#
.g..g....#O#
.g...g....g#
...###.##### #. ..
).. #... ####


You could see an ogre and a goblin.

Vanquished Creatures
  3 orc priests (D:3)
  A giant frog skeleton (D:4)
  A hound (D:4)
  3 orc wizards (D:3)
  2 worker ants (D:4)
  4 adders
  An ooze (D:4)
  A worm (D:3)
  A dart slug (D:2)
  3 giant geckos
  14 orcs (D:3)
  6 giant cockroaches
  9 hobgoblins
  4 jackals (D:3)
  A quokka (D:3)
  2 ball pythons (D:1)
  5 bats
  2 giant newts
  7 goblins
  8 kobolds
  3 rats
81 creatures vanquished.

Vanquished Creatures (others)
  An orc (D:4)
1 creature vanquished.

Grand Total: 82 creatures vanquished

Notes
Turn   | Place    | Note
--------------------------------------------------------------
     0 | D:1      | magog001 the Minotaur Fighter began the quest for the Orb.
     0 | D:1      | Reached XP level 1. HP: 19/19 MP: 0/0
   581 | D:1      | Reached XP level 2. HP: 24/27 MP: 1/1
  1290 | D:2      | Reached XP level 3. HP: 30/33 MP: 2/2
  1563 | D:2      | Found an oddly glowing altar of Pakellas.
  1983 | D:2      | Reached skill level 1 in Dodging
  2114 | D:3      | Found a deep blue altar of Sif Muna.
  2255 | D:3      | Found a shattered altar of Ashenzari.
  2267 | D:3      | Found a radiant altar of Vehumet.
  2575 | D:3      | Reached XP level 4. HP: 39/40 MP: 3/3
  2778 | D:3      | Reached skill level 1 in Throwing
  2778 | D:3      | Reached XP level 5. HP: 23/46 MP: 4/4
  3123 | D:3      | Reached skill level 5 in Shields
  3161 | D:3      | Reached skill level 5 in Armour
  3233 | D:3      | Reached XP level 6. HP: 20/52 MP: 5/5
  3670 | D:4      | Found a basalt altar of Yredelemnul.
  4290 | D:4      | Found a staircase to the Ecumenical Temple.
  4504 | D:4      | Slain by an ogre

Skill      XL: |  1  2  3  4  5  6 |
---------------+-------------------+-----
Shields        | 4 5 |  5.5
Armour         | 4 5 |  5.2
Dodging        | 1 2 |  2.2
Fighting       | 4 |  4.5
Axes           | 3 4 |  4.3
Throwing       | 1 |  1.5
Stealth        | |  0.5

Action                   |  1- 3 |  4- 6 || total
-------------------------+-------+-------++-------
Melee: War axe           |    91 |   115 ||   206
       Headbutt          |    11 |    21 ||    32
 Fire: Blowgun           |    10 |     6 ||    16
  Use: Scroll            |     3 |     1 ||     4
       Potion            |     1 |     5 ||     6
  Eat: Chunk             |     5 |     6 ||    11
       Pizza             |       |     1 ||     1
Armor: Scale mail        |    23 |       ||    23
       Chain mail        |    18 |    42 ||    60
       Leather armour    |       |     1 ||     1
Dodge: Dodged            |    28 |    31 ||    59
Block: Shield            |    42 |    54 ||    96
